 Dungeon Sprint DCSS version 0.18-a0-1014-g3bbf375 (webtiles) character file.

536 pipel the Grappler (level 7, -13/79 HPs)
             Began as a Troll Berserker on Jan 6, 2016.
             Was a Believer of Trog.
             Mangled by a boulder beetle (32 damage)
             ... while paralysed
             ... in the Dungeon (Sprint II: "The Violet Keep of Menkaure").
             The game lasted 00:01:06 (142 turns).

pipel the Grappler (Troll Berserker)                 Turns: 142, Time: 00:01:06

Health: -13/79     AC:  5    Str: 28    XL:     7   Next: 4%
Magic:  6/6        EV:  1    Int:  3    God:    Trog [**....]
Gold:   486        SH:  0    Dex:  9    Spells: 0 memorised, 6 levels left

rFire  . . .     SeeInvis .       - Unarmed
rCold  . . .     Gourm    +     a - +0 animal skin
rNeg   . . .     Faith    .     (no shield)
rPois  .         Spirit   .     (helmet restricted)
rElec  .         Dismiss  .     (no cloak)
rCorr  .         Reflect  .     (gloves unavailable)
SustAt .         Harm     .     (boots unavailable)
MR     .....     NoTele   +     (no amulet)
Stlth  +.........               (no ring)
                                (no ring)

@: paralysed, exhausted, slowed, not resistant to hostile enchantments, very
unstealthy
A: unfitting armour, claws 3, fast metabolism 3, gourmand, regeneration 2,
shaggy fur 1, tough skin 2
a: Berserk, Trog's Hand, Burn Spellbooks, Renounce Religion


You were in the Dungeon.
You worshipped Trog.
Trog was pleased with you.
You were full.

You visited 1 branch You collected 486 gold pieces.

Inventory:

Armour
 a - a +0 animal skin (worn)
Scrolls
 h - a scroll of blinking
Potions
 c - a potion of curing
 d - a potion of heal wounds
 e - a potion of haste
 f - 2 potions of magic
 g - a potion of berserk rage
Comestibles
 b - 2 bread rations


   Skills:
 + Level 7.8 Fighting
 + Level 7.5 Dodging
 + Level 9.6 Unarmed Combat


You had 6 spell levels left.
You didn't know any spells.

Dungeon Overview and Level Annotations

Branches:
Dungeon (1/1)

Altars:


Innate Abilities, Weirdness & Mutations

You are too large for most types of armour.
You have claws for hands.
Your metabolism is lightning-fast.
You like to eat raw meat.
You heal very quickly.
You are covered in fur (AC +1).
You have very tough skin (AC +2).


Message History

You claw the boulder beetle!
The boulder beetle is moderately wounded.
The boulder beetle smashes into you!
The boulder beetle stops rolling.
You take 35 damage, and have 39/118 hp.
MASSIVE DAMAGE!!
You claw the boulder beetle!
The boulder beetle is moderately wounded.
You claw the boulder beetle!
The boulder beetle is heavily wounded.
You claw the boulder beetle!
The boulder beetle is severely wounded.
The boulder beetle bites you!
* * * LOW HITPOINT WARNING * * *
You take 14 damage, and have 26/118 hp.
You scratch the boulder beetle.
The boulder beetle is severely wounded.
You are no longer berserk.
You pass out from exhaustion.
You feel yourself slow down. The boulder beetle bites you!!
You die...

##+##
##...##
#..#..#
##.#.####
##'###.##
##.##...#
+.<.'##.+
##@##.###
#B# #.#
.#. ## ..
.. ##.
$## ## ##


You could see a boulder beetle.

Vanquished Creatures
  A boulder beetle (D)
  4 necrophages (D)
  3 worms (D)
8 creatures vanquished.

Notes
Turn   | Place    | Note
--------------------------------------------------------------
     0 | D        | pipel the Troll Berserker began the quest for the Orb.
     0 | D        | Reached XP level 1. HP: 22/22 MP: 0/0
     1 | D        | Noticed a boulder beetle
     1 | D        | Noticed a boulder beetle
    11 | D        | Reached ** piety under Trog
    13 | D        | Reached skill level 4 in Unarmed Combat
    13 | D        | Reached XP level 2. HP: 31/31 MP: 1/1
    71 | D        | Noticed a necrophage
    71 | D        | Noticed a necrophage
    71 | D        | Noticed a necrophage
    71 | D        | Noticed a necrophage
    74 | D        | Killed a necrophage
    74 | D        | Reached skill level 5 in Unarmed Combat
    74 | D        | Reached XP level 3. HP: 41/41 MP: 2/2
    74 | D        | Reached XP level 4. HP: 49/49 MP: 3/3
    79 | D        | Killed a necrophage
    79 | D        | Reached skill level 5 in Fighting
    79 | D        | Reached skill level 5 in Dodging
    79 | D        | Reached skill level 7 in Unarmed Combat
    79 | D        | Reached XP level 5. HP: 59/59 MP: 4/4
    82 | D        | Killed a necrophage
    86 | D        | Killed a necrophage
    86 | D        | Reached skill level 8 in Unarmed Combat
    86 | D        | Reached XP level 6. HP: 71/71 MP: 5/5
   133 | D        | Killed a boulder beetle
   133 | D        | Reached skill level 9 in Unarmed Combat
   133 | D        | Reached XP level 7. HP: 72/79 MP: 6/6
   142 | D        | Mangled by a boulder beetle

Vault maps used:
D:        the_violet_keep_of_menkaure

Action                   |  1- 3 |  4- 6 |  7- 9 || total
-------------------------+-------+-------+-------++-------
Melee: Unarmed           |     8 |    15 |     5 ||    28
Invok: Berserk           |     2 |     1 |       ||     3
  Eat: Chunk             |     6 |       |       ||     6
